AoeStats
← suprême leader

Runestones

507802004Analyzed
1v1 RM · 14d ago on Sep 19, 2026· 24m 47s· 2 players
Game mode
Random Map
Map size
Tiny (2 player)
Population
200
Speed
Normal
Resources
Standard
Victory
Conquest
Starting age
Dark Age
Ending age
Imperial Age
RankedLock teamsTeams togetherTeam positionsShared explorationLock speedFull tech treeHidden civsTurbo modeCheats
Victory
Defeat
🇧🇪 Khmer · Belgium
1149
+14
🇦🇷 Mongols · Argentina
1116
-14
suprême leader
6:41 Loom
9:38 Feudal Age
10:26 Double-Bit Axe
19:02 Castle Age
17:37 Horse Collar
18:28 Bloodlines
19:40 Scale Barding Armor
21:24 Husbandry
22:06 Bow Saw
22:16 Forging
Brigadier Lopez
8:07 Loom
10:42 Feudal Age
12:10 Horse Collar
13:21 Double-Bit Axe
15:15 Fletching
21:35 Castle Age
21:26 Scale Mail Armor
21:27 Gold Mining
22:02 Forging
21:56 Pikeman
23:10 Chain Mail Armor
Connection lost

Rejoining the realm…

Still unreachable

The connection could not be restored.

Session expired

The server has moved on; the page needs a fresh start.